Map: Eastwatch LE

Players

Juxtapose

  • Race: Terran Terran
  • League: Platinum
  • Spawn Location: 1:00

plastic - Winner!

  • Race: Protoss Protoss
  • League: Diamond
  • Spawn Location: 7:00

VOD

https://youtu.be/uSdCVNK5uBI

Description

According to my Profile, I've played just over 300 competitive 1v1 matches of StarCraft II, and I can honestly say that most of the opponents I've played against have been neutral to absolutely great people.

Sadly, it became clear right away that I was in for a BM-ing opponent this match.

After watching the Replay, it was those two Dark Templar that were my undoing, as my force crushed his and without them, I would have been able to go on and do serious damage to his natural if not outright close the match.

I also did something uncharacteristic for me and bad mouthed my opponent back, and I had some fun with him. I also uncharacteristically didn't GG out and forced him to hunt down the last of my Structures just to shine him on some more.

A few quick facts about plastic: He's played over 5000 games, and apparently enjoys being a jerk to others. He's a Diamond League Tier 3 player for both Zerg and Protoss, and as of a few hours ago his Zerg win percentage was only 33% and his Protoss game is well below 50%, with his MMR dropping to lower Platinum League Tier 2.

So yes, my Random is indeed better than his.

Time

  • Played on: Feb. 3, 2018, 7:09 p.m.
  • Length: 17:49
Show
View Real Time Build Order
Export as new Build Order

Juxtapose Terran 

Build Orders:  

Get SALT Encoding   

  12  0:01  SCV  
  13  0:13  SCV  
  14  0:24  Supply Depot  
  14  0:25  SCV  
  15  0:45  SCV  
  15  0:49  Barracks  
  16  0:52  Supply Depot  
  16  0:57  SCV  
  16  0:59  Refinery  
  17  1:09  SCV  
  18  1:13  Refinery  
  18  1:21  SCV  
  19  1:37  Orbital Command  
  19  1:40  Marine  
  20  2:06  Factory, Barracks Reactor  
  20  2:07  SCV  
  21  2:19  SCV  
  22  2:31  SCV  
  23  2:43  SCV, Marine  
  23  2:44  Marine  
  26  2:50  Engineering Bay  
  26  2:55  Bunker  
  26  2:58  Factory Reactor  
  25  3:01  Marine x2  
  27  3:14  SCV  
  27  3:15  Supply Depot  
  28  3:20  Terran Infantry Weapons Level 1  
  28  3:24  Marine x2  
  31  3:40  Cyclone x2  
  36  3:41  Supply Depot  
  36  3:48  Command Center  
  36  3:57  Missile Turret  
  36  3:59  Marine x2  
  38  4:12  Cyclone  
  41  4:17  Cyclone  
  41  4:19  Marine  
  41  4:22  Marine  
  46  4:35  Supply Depot  
  46  4:37  Marine  
  47  4:56  Marine  
  47  4:57  Cyclone, Marine  
  47  4:58  Supply Depot  
  47  4:59  Cyclone  
  55  5:18  SCV  
  55  5:20  Marine x2  
  58  5:27  Starport  
  58  5:30  SCV  
  58  5:32  Orbital Command  
  59  5:40  Marine x2  
  59  5:42  SCV  
  62  5:54  Terran Infantry Armor Level 1, SCV  
  63  5:58  SCV, Marine  
  57  6:06  SCV  
  57  6:10  SCV  
  48  6:14  Missile Turret  
  48  6:17  Marine x2  
  46  6:18  SCV  
  46  6:21  Starport Tech Lab  
  46  6:22  SCV  
  48  6:30  Missile Turret, SCV  
  48  6:34  SCV  
  48  6:35  Marine x2  
  51  6:40  Cyclone  
  51  6:43  SCV  
  52  6:52  Marine  
  52  6:53  Marine  
  54  6:56  SCV x2  
  54  6:59  Refinery  
  56  7:01  Refinery  
  56  7:03  Raven  
  58  7:09  Cyclone  
  58  7:10  Marine x2  
  58  7:13  Cyclone  
  66  7:20  Barracks  
  66  7:24  SCV  
  66  7:28  Marine x2  
  69  7:35  Liberator  
  69  7:36  SCV  
  70  7:39  Armory  
  70  7:46  Marine x2  
  70  7:50  Sensor Tower  
  72  7:56  Cyclone  
  78  8:10  Barracks Tech Lab  
  78  8:14  Supply Depot  
  78  8:18  Liberator  
  78  8:29  Marine  
  78  8:31  Marine  
  71  8:36  Supply Depot  
  71  8:40  Command Center  
  60  8:48  Marine x2  
  52  8:51  Stimpack  
  52  8:54  Cyclone x2  
  54  9:01  Liberator  
  33  9:18  Marine x2  
  38  9:37  Marine x2  
  40  9:39  Marauder  
  40  9:43  Liberator  
  40  9:44  Cyclone x2  
  45  9:55  Marine x2  
  46  10:00  Marauder  
  46  10:03  Orbital Command  
  49  10:13  Marine x2  
  48  10:22  Marauder  
  50  10:37  Marine x2  
  52  10:43  Marauder  
  54  10:55  Command Center  
  54  10:56  Marine x2  
  56  11:04  Marauder  
  56  11:08  Missile Turret  
  56  11:10  Medivac  
  52  11:26  Marauder  
  26  11:40  Medivac  
  106  12:30  Orbital Command  
  14  12:31  Orbital Command  
  13  13:04  SCV  
  14  13:09  Factory  
  14  13:15  SCV  
  15  13:27  SCV  
  15  13:39  SCV  
  15  13:40  Factory  
  6  13:51  SCV  
  7  14:03  SCV  
  7  14:08  Barracks  
  8  14:10  Refinery  
  8  14:16  SCV  
  9  14:23  Factory Tech Lab  
  9  14:28  SCV  
  10  14:40  SCV  
  11  14:47  Bunker  
  11  14:48  Siege Tank  
  11  14:52  SCV  
  15  14:54  Factory Reactor  
  15  14:58  Barracks Reactor  
  15  15:04  SCV  
  16  15:16  SCV  
  16  15:20  Siege Tank  
  11  15:28  SCV  
  12  15:41  Marine x2  
  13  15:53  Widow Mine  
  15  15:58  SCV  
  15  16:00  Marine  
  15  16:05  Marine  
  15  16:10  SCV  
  11  16:14  Widow Mine  
Show
View Real Time Build Order
Export as new Build Order

plastic Protoss - Winner!

Build Orders: Zealot Archon 

Get SALT Encoding   

  12  0:01  Probe  
  13  0:14  Pylon  
  13  0:24  Probe  
  14  0:34  Gateway  
  14  0:36  Probe (Chrono Boost)  
  15  0:45  Probe (Chrono Boost)  
  15  0:48  Assimilator  
  16  0:50  Probe (Chrono Boost)  
  17  1:02  Probe  
  18  1:14  Probe  
  19  1:22  Cybernetics Core  
  19  1:26  Probe  
  20  1:38  Probe  
  21  1:40  Gateway  
  21  1:45  Pylon  
  21  1:48  Warp Gate  
  21  1:50  Probe  
  22  1:54  Assimilator  
  22  2:02  Probe (Chrono Boost)  
  22  2:03  Adept  
  25  2:15  Probe (Chrono Boost)  
  26  2:17  Gateway  
  26  2:27  Pylon  
  26  2:28  Adept  
  28  2:51  Probe  
  29  2:56  Twilight Council  
  29  3:03  Probe  
  30  3:09  Adept  
  30  3:12  Pylon, Adept  
  34  3:15  Probe  
  35  3:25  Forge  
  35  3:27  Probe  
  35  3:29  Resonating Glaives (Chrono Boost)  
  36  3:39  Probe  
  37  3:51  Probe  
  37  3:53  Protoss Ground Weapons Level 1 (Chrono Boost)  
  38  3:59  Nexus  
  38  4:04  Probe  
  39  4:16  Dark Shrine, Probe  
  40  4:28  Probe  
  39  4:32  Pylon  
  39  4:35  Stalker  
  41  4:38  Stalker  
  41  4:41  Probe  
  44  4:46  Stalker  
  46  4:53  Probe  
  46  4:55  Photon Cannon  
  47  5:08  Stalker  
  47  5:09  Stalker  
  51  5:15  Stalker  
  51  5:18  Probe (Chrono Boost)  
  55  5:29  Probe (Chrono Boost)  
  55  5:32  Dark Templar  
  55  5:34  Protoss Ground Armor Level 1 (Chrono Boost)  
  57  5:38  Dark Templar  
  59  5:48  Probe  
  60  5:55  Charge  
  60  6:00  Assimilator x2, Probe  
  43  6:17  Zealot  
  43  6:18  Zealot x2  
  49  6:19  Probe  
  50  6:38  Nexus  
  50  6:39  Zealot  
  50  6:40  Zealot x2  
  54  6:49  Gateway  
  54  6:50  Gateway  
  54  6:51  Gateway  
  54  6:55  Pylon  
  54  6:57  Probe (Chrono Boost)  
  55  7:03  Dark Templar x2  
  55  7:06  Dark Templar  
  55  7:07  Probe (Chrono Boost)  
  62  7:10  Pylon  
  62  7:12  Probe (Chrono Boost)  
  62  7:15  Protoss Ground Weapons Level 2 (Chrono Boost)  
  63  7:24  Probe  
  63  7:25  Archon  
  63  7:26  Pylon, Archon  
  64  7:36  Probe  
  65  7:42  Dark Templar  
  65  7:43  Dark Templar  
  69  7:45  Pylon, Zealot  
  69  7:47  Zealot  
  69  7:48  Probe  
  69  7:51  Zealot  
  76  7:55  Zealot  
  76  7:57  Archon  
  78  8:12  Probe (Chrono Boost)  
  78  8:22  Probe (Chrono Boost)  
  78  8:26  Probe (Chrono Boost)  
  79  8:27  Probe  
  71  8:38  Probe  
  71  8:39  Probe  
  63  8:50  Probe  
  64  9:25  Dark Templar  
  64  9:26  Dark Templar x4  
  64  9:28  Dark Templar  
  64  9:29  Probe  
  77  9:32  Gateway  
  77  9:34  Gateway  
  77  9:41  Probe  
  78  9:53  Probe  
  78  9:59  Zealot  
  81  10:00  Zealot x4  
  81  10:04  Nexus  
  81  10:05  Probe  
  81  10:06  Pylon  
  90  10:08  Pylon  
  90  10:09  Assimilator x2  
  90  10:12  Pylon, Gateway  
  90  10:17  Robotics Facility x2, Probe  
  83  10:26  Dark Templar  
  83  10:27  Dark Templar x5  
  91  10:32  Archon x4  
  91  10:33  Archon x2  
  91  10:42  Pylon  
  91  10:45  Protoss Ground Weapons Level 3 (Chrono Boost)  
  91  10:48  Photon Cannon  
  91  10:51  Photon Cannon, Probe (Chrono Boost)  
  91  10:54  Photon Cannon  
  91  10:56  Photon Cannon  
  92  11:00  Zealot  
  92  11:01  Zealot x4  
  92  11:02  Zealot x3, Probe (Chrono Boost)  
  109  11:06  Probe (Chrono Boost)  
  109  11:07  Probe (Chrono Boost)  
  111  11:12  Forge  
  111  11:16  Probe  
  111  11:17  Probe  
  109  11:29  Probe  
  106  11:43  Zealot x3  
  106  11:44  Zealot x4  
  106  11:45  Zealot  
  122  12:06  Stargate  
  122  12:09  Probe (Chrono Boost)  
  122  12:10  Stargate  
  122  12:11  Stargate  
  122  12:13  Stargate  
  123  12:19  Probe (Chrono Boost)  
  123  12:20  Protoss Ground Armor Level 2 (Chrono Boost)  
  123  12:21  Probe (Chrono Boost)  
  125  12:23  Probe (Chrono Boost)  
  126  12:35  Stargate, Probe  
  126  12:36  Stargate  
  127  12:47  Probe (Chrono Boost)  
  128  12:56  Probe (Chrono Boost)  
  129  12:59  Phoenix  
  129  13:00  Phoenix x3  
  129  13:01  Probe  
  138  13:13  Probe  
  139  13:24  Phoenix  
  139  13:25  Phoenix x3  
  155  13:36  Void Ray x2 (Chrono Boost)  
  155  13:53  Void Ray (Chrono Boost)  
  163  14:02  Void Ray (Chrono Boost)  
  163  14:06  Assimilator  
  163  14:07  Assimilator  
  163  14:57  Pylon  
  163  15:14  Nexus  
  163  15:15  Void Ray x2  
  171  15:28  Nexus  
  171  15:46  Pylon  
  171  15:51  Pylon  
  171  16:04  Void Ray x2  
  179  17:34  Probe (Chrono Boost)  
Tags
 
Add a new tag
Caveats
  • Supply blocks, unpowered buildings, or Contaminate may cause inaccurate times.
  • Supply counts are checked every 10 seconds.